 Dungeon Crawl Stone Soup version 0.27-a0-54-g64bdb92e38 (webtiles) character file.

Game seed: 633076680162931662

10 melloss the Conjurer (level 2, -7/16 HPs)
             Began as a Deep Elf Conjurer on Dec 29, 2020.
             Mangled by a gnoll
             ... wielding a +0 spear
              (10 damage)
             ... on level 1 of the Dungeon on Jan 7, 2021.
             The game lasted 00:01:36 (224 turns).

melloss the Conjurer (Deep Elf Conjurer)             Turns: 224, Time: 00:01:36

Health: -7/16      AC:  2    Str:  4    XL:     2   Next: 10%
Magic:  1/8        EV: 13    Int: 22    God:
Gold:   10         SH:  0    Dex: 13    Spells: 6/7 levels left

rFire    . . .     SeeInvis .   c - +0 dagger
rCold    . . .     Faith    .   (no shield)
rNeg     . . .     Spirit   .   a - +0 robe
rPois    .         Reflect  .   (no helmet)
rElec    .         Harm     .   (no cloak)
rCorr    .         Rampage  .   (no gloves)
Will     .....                  (no boots)
Stlth    ++........             (no amulet)
HPRegen  0.05/turn              (no ring)
MPRegen  0.11/turn              (no ring)

@: no status effects
A: no striking features
a: no special abilities


You were on level 1 of the Dungeon.
You visited 1 branch of the dungeon, and saw 1 of its levels.

You collected 10 gold pieces.

Inventory:

Hand Weapons
 c - a +0 dagger (weapon)
Armour
 a - a +0 robe (worn)
Scrolls
 b - a scroll of magic mapping {unknown}


   Skills:
 + Level 0.9 Fighting
 + Level 3.0 Dodging
 - Level 2.4 Stealth
 - Level 3.0 Spellcasting
 - Level 4.3 Conjurations


You had 6 spell levels left.
You knew the following spells:

 Your Spells              Type           Power        Failure   Level
a - Magic Dart            Conj           88%          1%          1

Your spell library contained the following spells:

 Spells                   Type           Power        Failure   Level
 Searing Ray              Conj           44%          3%          2
 Dazzling Flash           Conj/Hex       24%          16%         3
 Fulminant Prism          Conj/Hex       6%           45%         4
 Iskenderun's Mystic Bla  Conj/Tloc      12%          45%         4


Dungeon Overview and Level Annotations

Branches:
Dungeon (1/15)

Altars:


Message History

You kill the kobold!
The gnoll shouts!
The hobgoblin shouts!
Your Dodging skill increases to level 3!
The magic dart hits the gnoll.
The gnoll is lightly wounded.
The magic dart hits the hobgoblin but does no damage.
The magic dart hits the hobgoblin.
The hobgoblin is severely wounded.
The magic dart hits the hobgoblin.
You kill the hobgoblin!
The magic dart hits the gnoll.
The gnoll is moderately wounded.
The gnoll hits you from afar with a +0 spear!
Ouch! That really hurt!
The gnoll hits you from afar with a +0 spear.
* * * LOW HITPOINT WARNING * * *
The gnoll barely misses you. The gnoll hits you with a +0 spear!
Ouch! That really hurt!
You die...

#.. # #.. #.#.).
....$
#..)###########
#..........##.#
#....†....(...#
#..@g....##.#
#...g....##.# #####
#........##.# #....
#........##.# #....
#........##.####>...
########............
#.(####'####.
#..#.....†.#.
#..#.⌠...⌠.##


You could see a gnoll and a hobgoblin.

Vanquished Creatures
  A leopard gecko (D:1)
  2 bats (D:1)
  A hobgoblin (D:1)
  4 kobolds (D:1)
  A goblin (D:1)
9 creatures vanquished.

Notes
Turn   | Place    | Note
-------+----------+-------------------------------------------
     0 | D:1      | melloss the Deep Elf Conjurer began the quest for the Orb.
     0 | D:1      | Reached XP level 1. HP: 10/10 MP: 6/6
     0 | D:1      | Upgraded the game from 0.26-a0-1205-g4083c211ab to
                  | 0.26-a0-1222-g14533b3512
     0 | D:1      | Upgraded the game from 0.26-a0-1222-g14533b3512 to
                  | 0.27-a0-54-g64bdb92e38
   155 | D:1      | Reached XP level 2. HP: 16/16 MP: 1/8
   224 | D:1      | Mangled by a gnoll

Illustrated notes

Levels and vault maps discovered:
D:1:      lemuel_arrival_funnel, layout_basic, minmay_fountain_box

Skill      XL: |  1  2 |
---------------+-------+-----
Dodging        | 3 |  3.0
Fighting       | |  0.9
Stealth        | |  2.4
Spellcasting   | |  3.0
Conjurations   | |  4.3

Action                   || total
-------------------------++-------
Melee: Unarmed           ||     1
 Cast: Magic Dart        ||    19
Armor: Robe              ||     2
Dodge: Dodged            ||     4

Table legend: (Time is in decaauts)
 A = Elapsed time spent in this place.
 B = Non-inter-level travel time spent in this place.
 C = Inter-level travel time spent in this place.
 D = Time resting spent in this place.
 E = Time spent auto-exploring this place.
 F = Levels seen in this place.
 G = Mean time per level.
                   A        B        C        D        E       F      G
               +--------+--------+--------+--------+--------+-----+--------+
         Total |    224 |    224 |      0 |     57 |     80 |   1 |  224.0 |
       Dungeon |    224 |    224 |      0 |     57 |     80 |   1 |  224.0 |
               +--------+--------+--------+--------+--------+-----+--------+

Top non-repeatable levels by time:
     D:1: 224 daAuts
